 Dungeon Crawl Stone Soup version 0.25.1-8-g42b30a86e7 (webtiles) character file.

Game seed: 46627509662587655

119 Destapler the Stinger (level 5, 0/43 HPs)
             Began as a Naga Venom Mage on Dec 15, 2020.
             Was an Initiate of Dithmenos.
             Slain by a rat (2 damage)
             ... on level 4 of the Dungeon.
             The game lasted 00:14:58 (4049 turns).

Destapler the Stinger (Naga Venom Mage)             Turns: 4049, Time: 00:14:59

Health: 0/43       AC:  2    Str: 11    XL:     5   Next: 3%
Magic:  9/9        EV: 10    Int: 16    God:    Dithmenos [......]
Gold:   143        SH:  0    Dex: 11    Spells: 6/9 levels left

rFire    . . .     SeeInvis +   t - +1 dagger (venom)
rCold    . . .     Gourm    .   (no shield)
rNeg     . . .     Faith    .   a - +0 robe
rPois    +         Spirit   .   (no helmet)
rElec    .         Reflect  .   l - scarf {repulsion}
rCorr    .         Harm     .   (no gloves)
MR       .....                  (no barding)
Stlth    ++........             (no amulet)
HPRegen  0.14/turn              (no ring)
MPRegen  0.11/turn              (no ring)

@: short of breath, repel missiles, very slow
A: large, see invisible, deformed body, poison resistance, slowness 2, slow
metabolism 1, spit poison 1, AC +1
a: Spit Poison, Renounce Religion


You were on level 4 of the Dungeon.
You worshipped Dithmenos.
Dithmenos was noncommittal.
You were not hungry.

You visited 1 branch of the dungeon, and saw 4 of its levels.

You collected 143 gold pieces.

Inventory:

Hand Weapons
 t - a +1 dagger of venom (weapon)
Missiles
 o - 7 boomerangs (quivered)
Armour
 a - a +0 robe (worn)
 l - a scarf of repulsion (worn)
Jewellery
 x - an uncursed ring of fire
Scrolls
 d - 2 scrolls of identify
 n - a scroll of enchant armour {unknown}
 s - a scroll of noise {unknown}
 v - 3 scrolls of remove curse {unknown}
Potions
 b - a potion of cancellation
 e - a potion of ambrosia {unknown}
 g - a potion of lignification {unknown}
 h - a potion of flight {unknown}
 i - a potion of degeneration {unknown}
 k - a potion of heal wounds {unknown}
 q - a potion of mutation {unknown}
 r - a potion of haste {unknown}
 u - a potion of berserk rage {unknown}
 w - a potion of curing {unknown}
 z - 2 potions of brilliance
Comestibles
 c - 4 rations
 f - 4 chunks of flesh


   Skills:
 + Level 0.8 Fighting
 + Level 0.2 Short Blades
 + Level 0.0 Armour
 + Level 1.6 Dodging
 + Level 4.3 Stealth
 + Level 2.6 Spellcasting
 + Level 2.1 Transmutations
 + Level 1.0 Air Magic
 + Level 4.9 Poison Magic
 + Level 0.3 Invocations


You had 6 spell levels left.
You knew the following spells:

 Your Spells              Type           Power        Failure   Level  Hunger
a - Sting                 Tmut/Pois      ##..         4%          1    #......
b - Poisonous Vapours     Pois/Air       ##....       9%          2    ##.....

Your spell library contained the following spells:

 Spells                   Type           Power        Failure   Level  Hunger
 Ignite Poison            Fire/Tmut/Pois #.......     22%         3    ###....
 Mephitic Cloud           Conj/Pois/Air  #.......     26%         3    ###....
 Olgreb's Toxic Radiance  Pois           ###.....     26%         4    #####..


Dungeon Overview and Level Annotations

Branches:
Dungeon (4/15)
 Temple: D:4-7

Altars:
Ashenzari
Dithmenos
Elyvilon
Hepliaklqana
Qazlal
Uskayaw
Wu Jian
Xom
Zin

Portals:
Sewer: D:4


Innate Abilities, Weirdness & Mutations

You cannot wear boots.
Your serpentine skin is tough. (AC +1)
You have supernaturally acute eyesight. (SInv)
Armour fits poorly on your strangely shaped body.
Your system is resistant to poisons. (rPois)
You cover ground very slowly.
You have a slow metabolism.
You can spit poison.


Message History

The river rat bites you. x2; The rat bites you.
You barely miss the river rat.
The river rat is lightly wounded.
The river rat bites you!
* * * LOW HITPOINT WARNING * * *
The river rat barely misses you. The rat bites you.
* * * LOW HITPOINT WARNING * * *
Press: ? - help, Shift-Dir - straight line, f - river rat
Aim: a river rat The splash of poison hits the river rat but does no damage.
The river rat is poisoned.
You feel slightly more hungry. The river rat bites you!
* * * LOW HITPOINT WARNING * * *
The river rat barely misses you. The rat barely misses you.
It was a potion of cancellation.
You feel magically purged.
The river rat closely misses you. x2; The rat barely misses you.
The river rat closely misses you. The river rat bites you.
* * * LOW HITPOINT WARNING * * *
The rat bites you.
You die...

*,,,,,,,,........w≈≈≈#,.#***,,,,,
*,,,,,,,,..........≈≈#..#*,,,,,,,
**,,,,,,,.%.........≈#..,,,,,,,,,
****,,,,.............#,,,,,,,,,,
*,,,*,.............#*,,,,,**,,
*,^,,,,............#**,,,,***,
***,,,,,,..#........#**,,,,,,**
***,*,,,,,,,*#..r.....##,,,,,,,*,
*,,,,,,,*,,,*##.@r.....#*,,,,,,,,
**,,,,,,**,** ##r...##..#,,,*,,,,
**,*,,,,*,* #...##*....,***,,,
*,*,,,,,** #####*,,...,*,,,,,
****,,,** **,,.(,,,,,,, *,,**
***,,*,,,,,, **** ****,**,,,
***,,,,, *,,,,,,,


You could see 2 river rats and a rat.

Vanquished Creatures
  3 adders
  4 oozes
  3 worms
  3 dart slugs
  A leopard gecko (D:1)
  8 bats
  2 giant cockroaches (D:3)
  5 goblins
  4 hobgoblins
  10 jackals (D:3)
  4 kobolds
  2 ball pythons (D:3)
  8 rats
57 creatures vanquished.

Notes
Turn   | Place    | Note
-------+----------+-------------------------------------------
     0 | D:1      | Destapler the Naga Venom Mage began the quest for the Orb.
     0 | D:1      | Reached XP level 1. HP: 15/15 MP: 3/3
   199 | D:1      | Reached XP level 2. HP: 21/22 MP: 1/5
   857 | D:1      | Reached XP level 3. HP: 7/28 MP: 0/6
  1093 | D:1      | Learned a level 2 spell: Poisonous Vapours
  2002 | D:2      | Reached XP level 4. HP: 28/37 MP: 4/7
  2254 | D:2      | Found a shimmering altar of Xom.
  2254 | D:2      | Found a shimmering altar of Xom.
  2256 | D:2      | Found a shimmering altar of Xom.
  2256 | D:2      | Found a shimmering altar of Xom.
  2257 | D:2      | Found a shimmering altar of Xom.
  2257 | D:2      | Found a shimmering altar of Xom.
  2332 | D:2      | Found an ornate altar of the Wu Jian Council.
  2351 | D:2      | Found a hide-covered altar of Uskayaw.
  2406 | D:2      | Found a stormy altar of Qazlal.
  2406 | D:2      | Found a white marble altar of Elyvilon.
  2406 | D:2      | Found a shimmering altar of Xom.
  2432 | D:2      | Found a glowing silver altar of Zin.
  2432 | D:2      | Found a shattered altar of Ashenzari.
  2868 | D:3      | Found a hazy altar of Hepliaklqana.
  2987 | D:3      | Found a shadowy altar of Dithmenos.
  3204 | D:3      | Became a worshipper of Dithmenos the Shadowed
  3207 | D:3      | Reached skill level 1 in Air Magic
  3625 | D:3      | Reached XP level 5. HP: 43/43 MP: 7/9
  4030 | D:4      | Found a glowing drain.
  4049 | D:4      | HP: 2/43 [river rat (6)]
  4049 | D:4      | Slain by a rat

Illustrated notes

Levels and vault maps discovered:
D:1:      onia_arrival_handbag, layout_loops_corners
D:2:      layout_loops_ring, old_standard_altar, minmay_overflow_temple_hex,
          kennysheep_nondescript, xom_redecorated
D:3:      layout_loops_corners, nicolae_dithmenos_through_a_glass_darkly,
          lemuel_doored_altar
D:4:      layout_cave_pools, vehumet_crystals, first_ration,
          portal_sewer_entry_b, guppyfry_early_orc_mine

Skill      XL: |  1  2  3  4 |
---------------+-------------+-----
Stealth        | 4 |  4.3
Transmutations | 2 |  2.1
Air Magic      | 1 |  1.0
Fighting       | |  0.8
Short Blades   | |  0.2
Dodging        | |  1.6
Spellcasting   | |  2.6
Poison Magic   | |  4.9
Invocations    | |  0.3

Action                   |  1- 3 |  4- 6 || total
-------------------------+-------+-------++-------
Melee: Unarmed           |    35 |       ||    35
       Dagger            |     7 |    85 ||    92
Throw: Boomerang         |       |     3 ||     3
 Cast: Sting             |    45 |    17 ||    62
       Poisonous Vapours |     5 |     6 ||    11
 Abil: Spit Poison       |       |     1 ||     1
  Use: Scroll            |       |     4 ||     4
       Potion            |       |     1 ||     1
 Stab: Sleeping          |     1 |     8 ||     9
  Eat: Chunk             |     3 |     6 ||     9
Armor: Robe              |     6 |    24 ||    30
Dodge: Dodged            |    39 |    55 ||    94
       Repelled          |       |     1 ||     1
